 Dungeon Crawl Stone Soup version 0.24-a0-459-g225fefd530 (webtiles) character file.

Game seed: 15862094371112928546

50 vurker the Digger (level 3, -2/20 HPs)
             Began as a Gargoyle Earth Elementalist on June 28, 2019.
             Killed from afar by Terence (3 damage)
             ... with a puff of flame
             ... on level 2 of the Dungeon.
             The game lasted 00:03:18 (1563 turns).

vurker the Digger (Gargoyle Earth Elementalist)     Turns: 1563, Time: 00:03:19

Health: -2/20      AC:  5    Str: 11    XL:     3   Next: 79%
Magic:  1/6        EV: 12    Int: 16    God:
Gold:   105        SH:  0    Dex: 10    Spells: 0/6 levels left

rFire    + . .     SeeInvis .   g - +0 dagger
rCold    . . .     Gourm    .   (no shield)
rNeg     + . .     Faith    .   c - +0 robe
rPois    ∞         Spirit   .   (no helmet)
rElec    +         Reflect  .   (no cloak)
rCorr    .         Harm     .   (no gloves)
MR       .....                  (no boots)
Stlth    ++........             (no amulet)
HPRegen  0.06/turn              i - ring of protection from fire
MPRegen  0.10/turn              (no ring)

@: about to teleport
A: negative energy resistance 1, electricity resistance, unbreathing,
petrification resistance, rot immunity, AC +3
a: no special abilities


You were on level 2 of the Dungeon.
You were hungry.

You visited 1 branch of the dungeon, and saw 2 of its levels.

You collected 105 gold pieces.

Inventory:

Hand Weapons
 g - a +0 dagger (weapon)
   (You took it off a goblin on level 1 of the Dungeon)
Missiles
 b - 21 stones (quivered)
Armour
 c - a +0 robe (worn)
Jewellery
 i - a ring of protection from fire (left hand)
   (You found it on level 1 of the Dungeon)
Scrolls
 a - a scroll of enchant armour {unknown}
 f - a scroll of fog {unknown}
 j - a scroll of magic mapping {unknown}
 l - a scroll of remove curse {@r2}
 m - a scroll of teleportation {@r4}
 n - a scroll of identify {unknown}
Potions
 h - a potion of curing {unknown}
 k - a potion of mutation {unknown}
Comestibles
 e - 4 rations {!d}


   Skills:
 + Level 1.5 Fighting
 - Level 1.5 Dodging
 - Level 2.1 Stealth
 + Level 2.4 Spellcasting
 - Level 0.7 Transmutations
 * Level 4.7 Earth Magic


You couldn't memorise any spells.
You knew the following spells:

 Your Spells              Type           Power        Failure   Level  Hunger
a - Sandblast             Erth           ###...       2%          1    #......
b - Stone Arrow           Conj/Erth      #.....       22%         3    ###....
q - Passwall              Tmut/Erth      ##......     10%         2    ###....

Your spell library contained the following spells:

 Spells                   Type           Power        Failure   Level  Hunger
 Petrify                  Tmut/Erth      ##......     54%         4    #####..
 Lee's Rapid Deconstruct  Erth           ###.......   61%         5    ######.


Dungeon Overview and Level Annotations

Branches:
Dungeon (2/15)

Altars:

Annotations:
D:2 Terence


Innate Abilities, Weirdness & Mutations

You are resistant to torment.
Your stone body is resilient. (AC +3)
You are immune to poison.
You resist negative energy. (rN+)
You are resistant to electric shocks. (rElec)
You can survive without breathing.
You are immune to petrification.
You are immune to rotting.


Message History

Terence closely misses you.
Aim: an ooze The blast of sand hits the ooze.
b - 26 stones Terence misses you.
The ooze hits you.
Aim: an ooze (moderately wounded)
The blast of sand hits the ooze!
You kill the ooze!
b - 25 stones Terence hits you but does no damage.
Aim: a rat The blast of sand hits the rat.
You kill the rat!
b - 24 stones Terence misses you.
Aim: Terence, wielding a +0 trident, wearing a +0 chain mail and carrying a wand of flame (13)
The blast of sand hits Terence but does no damage.
b - 23 stones Terence zaps a wand.
The puff of flame hits you. You resist.
Terence zaps a wand.
The puff of flame hits you. You resist.
* * * LOW HITPOINT WARNING * * *
Terence zaps a wand.
The puff of flame hits you. You resist.
* * * LOW HITPOINT WARNING * * *
You are feeling hungry.
Terence zaps a wand.
The puff of flame hits you. You resist.
* * * LOW HITPOINT WARNING * * *
A worm comes into view.
Aim: a worm The blast of sand hits the worm!
b - 22 stones
Aim: a worm (moderately wounded)
The blast of sand misses the worm.
b - 21 stones You don't have enough magic to cast that spell.
You don't have enough magic to cast that spell.
As you read the scroll labeled ZOTAICRU NIANE, it crumbles to dust.
You feel blessed for a moment.
It was a scroll of remove curse.
As you read the scroll labeled VAREM KOCWIA, it crumbles to dust.
You feel strangely unstable.
It was a scroll of teleportation.
The worm barely misses you.
Terence zaps a wand.
The puff of flame hits you. You resist.
* * * LOW HITPOINT WARNING * * *
Terence zaps a wand.
The puff of flame hits you. You resist.
You die...

.#...........#.#####.####.....#
..................#...........#
##...........#.##.#..####.....#
###.#.>.#.###.##.#..# #.....#
#.#.........##.#..# #######
#.#...#.######w#@.## #.#...#.#
#......# #.##.##.# #..#...#
#.......# #@.#...# ####.####
#......#### #.# #.###.....# ...
#......##.# ######## .. ##


You could see Terence and a worm.

Vanquished Creatures
  3 oozes (D:2)
  A dart slug (D:1)
  2 leopard geckos
  2 ball pythons
  2 giant cockroaches (D:1)
  5 goblins
  7 hobgoblins
  2 kobolds (D:1)
  3 bats (D:1)
  A frilled lizard (D:1)
  3 rats
31 creatures vanquished.

Notes
Turn   | Place    | Note
-------+----------+-------------------------------------------
     0 | D:1      | vurker the Gargoyle Earth Elementalist began the quest for
                  | the Orb.
     0 | D:1      | Reached XP level 1. HP: 10/10 MP: 3/3
   177 | D:1      | Reached skill level 4 in Earth Magic
   177 | D:1      | Reached XP level 2. HP: 16/16 MP: 3/5
   181 | D:1      | Learned a level 2 spell: Passwall
   543 | D:1      | Reached skill level 1 in Fighting
   698 | D:1      | Reached XP level 3. HP: 16/20 MP: 4/6
   769 | D:1      | Learned a level 3 spell: Stone Arrow
  1530 | D:2      | Noticed Terence
  1562 | D:2      | HP: 1/20 [Terence/puff of flame (3)]
  1563 | D:2      | Killed from afar by Terence

Levels and vault maps discovered:
D:1:      ncdulo_watergridlock, layout_loops_ring, minmay_misc_feat_pillars
D:2:      layout_loops_cross, minmay_box_of_dots, uniq_terence

Skill      XL: |  1  2 |
---------------+-------+-----
Earth Magic    | 4 |  4.7
Fighting       | 1 |  1.5
Dodging        | |  1.5
Stealth        | |  2.1
Spellcasting   | |  2.4
Transmutations | |  0.7

Action                   || total
-------------------------++-------
Melee: Unarmed           ||     3
       Dagger            ||    77
 Cast: Sandblast         ||    28
       Stone Arrow       ||     1
  Use: Scroll            ||     2
 Stab: Sleeping          ||     1
  Eat: Chunk             ||     2
Armor: Robe              ||    31
Dodge: Dodged            ||    57

Table legend:
 A = Non-vault XP
 B = Vault XP
 C = Vault XP percentage of total XP
 D = Non-vault monster count
 E = Vault monster count
 F = Vault count percentage of total count
                 A         B        C        D         E       F
            +---------+---------+-------+---------+---------+-------
      Total |      57 |      15 |  20.8 |      27 |       4 |  12.9
            +---------+---------+-------+---------+---------+-------
        D:1 |      43 |       0 |   0.0 |      23 |       0 |   0.0
        D:2 |      14 |      15 |  51.7 |       4 |       4 |  50.0
            +---------+---------+-------+---------+---------+-------
